AoeStats
← Froduko

Arabia

510301965Analyzed
4v4 RM · 2d ago on Sep 30, 2026· 24m 9s· 8 players
Game mode
Random Map
Map size
Large (8 player)
Population
200
Speed
Normal
Resources
Standard
Victory
Conquest
Starting age
Dark Age
Ending age
Imperial Age
RankedLock teamsTeams togetherTeam positionsShared explorationLock speedFull tech treeHidden civsTurbo modeCheats
Victory
Defeat
🇵🇹 Mongols · Portugal
1012
+15
🇪🇸 Vietnamese · Spain
980
+17
🇩🇪 Poles · Germany
960
+17
🇨🇳 Saxons · China
936
+18
🇦🇺 Sicilians · Australia
1048
-18
🇦🇺 Britons · Australia
985
-17
🇭🇰 Inca · Hong Kong SAR China
970
-16
🇲🇲 Goths · Myanmar (Burma)
965
-16
Froduko
8:10 Loom
10:42 Feudal Age
11:50 Double-Bit Axe
14:30 Town Watch
15:10 Fletching
23:54 Castle Age
21:54 Horse Collar
22:19 Gold Mining
Macholdi
0:38 Loom
12:27 Feudal Age
13:12 Double-Bit Axe
13:20 Gold Mining
13:15 Horse Collar
13:28 Stone Mining
16:09 Wheelbarrow
20:31 Castle Age
22:11 Husbandry
22:21 Bloodlines
22:14 Heavy Plow
22:27 Bow Saw
23:42 Hand Cart
神乐成风
1:47 Loom
9:43 Feudal Age
10:35 Double-Bit Axe
15:19 Fletching
20:08 Castle Age
21:37 Scale Mail Armor
21:35 Bodkin Arrow
!
10:59 Feudal Age
9:18 Loom
11:06 Feudal Age
15:16 Castle Age
13:40 Double-Bit Axe
16:10 Bow Saw
16:38 Horse Collar
23:51 Padded Archer Armor
24:24 Heavy Plow
diepat
.wailord
0:34 Loom
10:13 Feudal Age
10:39 Double-Bit Axe
15:13 Horse Collar
16:04 Gold Mining
16:21 Town Watch
17:03 Fletching
17:47 Padded Archer Armor
xernex
7:47 Loom
10:34 Feudal Age
13:21 Double-Bit Axe
16:41 Fletching
17:01 Forging
17:51 Horse Collar
x
11:34 Feudal Age
11:12 Loom
15:50 Castle Age
13:57 Double-Bit Axe
13:56 Horse Collar
14:36 Gold Mining
15:37 Stone Mining
17:12 Bow Saw
17:49 Stone Shaft Mining
Connection lost

Rejoining the realm…

Still unreachable

The connection could not be restored.

Session expired

The server has moved on; the page needs a fresh start.